 Dungeon Crawl Stone Soup version 0.17-a0-1979-g1c74939 (webtiles) character file.

71 Shim the Grasshopper (level 4, 0/29 HPs)
             Began as a High Elf Warper on Oct 5, 2015.
             Slain by an ogre
             ... wielding a +0 giant club
              (10 damage)
             ... on level 3 of the Dungeon.
             The game lasted 00:13:56 (3437 turns).

Shim the Grasshopper (High Elf Warper)              Turns: 3437, Time: 00:13:56

Health: 0/29       AC:  6    Str: 11    XL:     4   Next: 5%
Magic:  2/9        EV: 13    Int: 16    God:
Gold:   136        SH:  0    Dex: 15    Spells: 3 memorised, 3 levels left

rFire  . . .     SeeInvis .     a - +0 short sword
rCold  . . .     Clarity  .     b - +0 leather armour
rNeg   . . .     SustAt   .     (no shield)
rPois  .         Gourm    .     i - +2 hat
rElec  .         Spirit   .     (no cloak)
rCorr  .         Warding  .     q - +0 pair of gloves
rMut   .         Stasis   .     (no boots)
MR     +....                    (no amulet)
Stlth  +.........               (no ring)
                                t - ring of protection from magic

@: somewhat resistant to hostile enchantments, very unstealthy
A: no striking features
a: no special abilities


You were on level 3 of the Dungeon.
You were not hungry.

You visited 1 branch of the dungeon, and saw 3 of its levels.

You collected 136 gold pieces.

Inventory:

Hand Weapons
 a - a +0 short sword (weapon)
Missiles
 e - 3 tomahawks of dispersal (quivered)
 g - 66 stones
Armour
 b - a +0 leather armour (worn)
 i - a +2 hat (worn)
 q - a +0 pair of gloves (worn)
Jewellery
 t - a ring of protection from magic (left hand)
Scrolls
 d - a scroll of blinking
 j - 4 scrolls of remove curse {unknown}
 l - 3 scrolls of teleportation {unknown}
 m - 2 scrolls of fear {unknown}
 o - a scroll of noise {unknown}
 p - a scroll of enchant weapon {unknown}
 s - 6 scrolls of identify {unknown}
 w - a scroll of amnesia {unknown}
 x - a scroll of recharging {unknown}
 y - a scroll of random uselessness {unknown}
Potions
 k - 2 potions of curing {unknown}
 u - 2 potions of magic {unknown}
 v - a potion of agility {unknown}
Books
 c - a book of Spatial Translocations

   Spells                             Type                      Level
   a - Apportation                    Translocation                1
   b - Blink                          Translocation                2
   c - Shroud of Golubria             Charms/Translocation         2
   d - Portal Projectile              Translocation                3
   e - Teleport Other                 Translocation                3
   f - Passage of Golubria            Translocation                4
Comestibles
 f - 2 bread rations
 h - 2 meat rations
 n - a beef jerky
 z - 2 chunks of flesh


   Skills:
 + Level 2.2 Fighting
 + Level 3.1 Short Blades
 + Level 1.2 Throwing
 + Level 1.7 Armour
 + Level 3.0 Dodging
 + Level 0.2 Stealth
 + Level 2.7 Spellcasting
 + Level 3.6 Translocations


You had 3 spell levels left.
You knew the following spells:

 Your Spells              Type           Power        Failure   Level  Hunger
a - Apportation           Tloc           ##........   8%          1    #......
b - Blink                 Tloc           N/A          12%         2    ##.....
c - Shroud of Golubria    Chrm/Tloc      #.........   17%         2    ##.....


Dungeon Overview and Level Annotations

Branches:
Dungeon (3/15)

Altars:
Okawaru


Message History

Confirm with . or Enter, or press ? or * to list all spells.
You miscast Blink.
You are very lightly contaminated with residual magic.
You catch a glimpse of the back of your own head.
Casting: Blink
Confirm with . or Enter, or press ? or * to list all spells.
You blink.
Your magical contamination has completely faded away.
The ogre barely misses you.
You see here an inedible chunk of flesh.
Casting: Blink
Confirm with . or Enter, or press ? or * to list all spells.
Space distorts slightly along a thin shroud covering your body.
You hit the ogre.
The ogre is severely wounded.
The ogre barely misses you.
You hit the ogre.
The ogre is severely wounded.
The ogre hits you with a giant club!
You die...

#....# #.# #....# #.#
#######.# #.# #.......#
#.# ###.##########.#
#†#..........##
#.#.#.........#
######.#.#...#####.#
#...O@.#.#.### #.#
#.######.#.# #.# #.#
#.#.#######.## #%#
#............# ####.####
#............# #.......#
#..[.........# #.......#
#............# #.......#
#............#
#.......###............#


You could see an ogre.

Vanquished Creatures
  An adder (D:2)
  2 oozes
  2 giant geckos
  2 ball pythons
  7 bats
  A giant cockroach (D:3)
  5 hobgoblins
  7 jackals
  A quokka (D:2)
  A giant newt (D:2)
  4 goblins
  7 kobolds
  8 rats
48 creatures vanquished.

Notes
Turn   | Place    | Note
--------------------------------------------------------------
     0 | D:1      | Shim the High Elf Warper began the quest for the Orb.
     0 | D:1      | Reached XP level 1. HP: 14/14 MP: 4/4
   196 | D:1      | Reached skill level 1 in Armour
   196 | D:1      | Reached XP level 2. HP: 9/19 MP: 6/6
   397 | D:1      | Learned a level 2 spell: Blink
  1402 | D:2      | Learned a level 2 spell: Shroud of Golubria
  1632 | D:2      | Reached XP level 3. HP: 24/24 MP: 2/7
  2269 | D:2      | Found an iron altar of Okawaru.
  3220 | D:3      | Reached XP level 4. HP: 27/29 MP: 6/9
  3318 | D:3      | Noticed an ogre
  3437 | D:3      | Slain by an ogre

Vault maps used:
D:1:      minmay_arrival_jagged
D:2:      lemuel_round_altar

Action                   |  1- 3 |  4- 6 || total
-------------------------+-------+-------++-------
Melee: Short sword       |   223 |    26 ||   249
Throw: Stone             |     8 |       ||     8
       Tomahawk          |     1 |     1 ||     2
       Throwing net      |       |     1 ||     1
 Cast: Blink             |     1 |     4 ||     5
       Shroud of Golubri |     4 |     5 ||     9
  Eat: Chunk             |     3 |     1 ||     4
       Meat ration       |     1 |       ||     1
